 Dungeon Crawl Stone Soup version 0.20-a0-420-g83c570d (webtiles) character file.

226 mopl the Cudgeler (level 5, -1/41 HPs)
             Began as a Mummy Fighter on Dec 31, 2016.
             Slain by an orc wizard
             ... wielding a +0 dagger
              (2 damage)
             ... on level 5 of the Dungeon.
             The game lasted 00:03:53 (1862 turns).

mopl the Cudgeler (Mummy Fighter)                   Turns: 1862, Time: 00:03:54

Health: -1/41      AC:  8    Str: 19    XL:     5   Next: 69%
Magic:  5/5        EV:  7    Int:  8    God:
Gold:   133        SH:  8    Dex: 12    Spells: 4/4 levels left

rFire  x . .     SeeInvis .     a - +0 flail
rCold  + . .     Gourm    .     b - +0 scale mail
rNeg   + + +     Faith    .     c - +0 shield
rPois  ∞         Spirit   .     (no helmet)
rElec  .         Reflect  .     (no cloak)
rCorr  .         Harm     .     m - +0 pair of gloves
MR     .....                    d - +0 pair of boots
Stlth  ..........               (no amulet)
                                (no ring)
                                h - ring of flight

@: very slightly contaminated
A: no food or potions, fire vulnerability, cold resistance 1, negative energy
resistance 3, torment resistance, unbreathing
a: Evoke Flight


You were on level 5 of the Dungeon.
You were not hungry.

You visited 1 branch of the dungeon, and saw 5 of its levels.

You collected 133 gold pieces.

Inventory:

Hand Weapons
 a - a +0 flail (weapon)
Armour
 b - a +0 scale mail (worn)
 c - a +0 shield (worn)
 d - a +0 pair of boots (worn)
 m - a +0 pair of gloves (worn)
Jewellery
 h - a ring of flight (left hand)
Scrolls
 e - 3 scrolls of amnesia


   Skills:
 - Level 3.0 Fighting
 * Level 5.0 Maces & Flails
 - Level 2.4 Armour
 - Level 2.4 Shields


You had 4 spell levels left.
You didn't know any spells.

Dungeon Overview and Level Annotations

Branches:
Dungeon (6/15)
 Temple: D:4-7

Altars:
Ru
Trog


Innate Abilities, Weirdness & Mutations

You do not eat or drink.
Your flesh is vulnerable to fire.
You are immune to poison.
Your flesh is cold resistant. (rC+)
You are immune to negative energy. (rN+++)
You are immune to unholy pain and torment.
You can survive without breathing.


Message History

An orc comes into view. It is wielding a war axe.
As you read the scroll labeled ZUKAWI HEGYLILUL, it crumbles to dust.
You assume a fearsome visage.
The orc looks frightened!
It was a scroll of fear.
You block the orc wizard's attack.
The orc moves out of view.
The orc wizard hits you but does no damage.
You hit the orc wizard.
The orc wizard is moderately wounded.
The orc wizard hits you but does no damage.
The orc wizard points at you and mumbles some strange words.
The puff of flame hits you! The fire burns you terribly!
* * * LOW HITPOINT WARNING * * *
You hit the orc wizard.
The orc wizard is heavily wounded.
You block the orc wizard's attack.
The orc wizard miscasts a cantrip.
You barely miss the orc wizard.
The orc wizard is heavily wounded.
The orc wizard hits you with a dagger.
You die...

### #.. #.# #.#
#.#######.#
#.....@oo#....#
#########o###.... #.# .#
###############.####
#...............o..#####.#
#.#############.o..oo.....
#.# ####..o..... #####)#
########. ...>..#


You could see 2 orc wizards and an orc.

Vanquished Creatures
  A bullfrog (D:6)
  A crimson imp (D:6)
  A worker ant (D:2)
  3 adders (D:2)
  An adder skeleton (D:5)
  A worm (D:2)
  5 leopard geckos (D:2)
  3 ball pythons
  6 bats
  11 giant cockroaches (D:2)
  10 goblins
  7 hobgoblins
  4 frilled lizards
  A jackal zombie (D:6)
  4 kobolds (D:1)
  6 rats
65 creatures vanquished.

Notes
Turn   | Place    | Note
-------+----------+-------------------------------------------
     0 | D:1      | mopl the Mummy Fighter began the quest for the Orb.
     0 | D:1      | Reached XP level 1. HP: 18/18 MP: 1/1
    61 | D:1      | Reached skill level 2 in Maces & Flails
    73 | D:1      | Reached XP level 2. HP: 16/24 MP: 2/2
   688 | D:1      | Reached XP level 3. HP: 29/29 MP: 3/3
   774 | D:2      | Found a sacrificial altar of Ru.
   802 | D:2      | Reached skill level 3 in Maces & Flails
   870 | D:2      | Found a bloodstained altar of Trog.
  1023 | D:2      | Reached XP level 4. HP: 29/35 MP: 4/4
  1658 | D:2      | Reached skill level 4 in Maces & Flails
  1676 | D:3      | You fall through a shaft for 3 floors!
  1719 | D:6      | Noticed a bullfrog
  1747 | D:6      | Killed a bullfrog
  1747 | D:6      | Reached XP level 5. HP: 5/41 MP: 5/5
  1767 | D:6      | Noticed an ice beast
  1779 | D:6      | Reached skill level 5 in Maces & Flails
  1810 | D:6      | Noticed an ogre
  1823 | D:5      | Entered Level 5 of the Dungeon
  1860 | D:5      | HP: 1/41 [orc wizard/puff of flame (6)]
  1862 | D:5      | Slain by an orc wizard

Vault maps used:
D:1:      kennysheep_arrival_seaside, minmay_misc_feat_alley,
          minmay_curled_crystal, hangedman_feature_mirror
D:2:      minmay_roachtagon, nicolae_ru_the_path_less_chosen, bloody_trog
D:3:      wad_lake_hut, yredelemnul_altar_generic, grunt_dithmenos_smoke,
          chequers_ecumenical_altar_island, first_bread
D:5:      portal_sewer_entry_e, nrook_loot_triangle, bh_walls_and_bars
D:6:      enter_ossuary_5, kennysheep_dice

Skill      XL: |  1  2  3  4  5 |
---------------+----------------+-----
Maces & Flails | 2 3 4 5 |  5.0
Fighting       | |  3.0
Armour         | |  2.4
Shields        | |  2.4

Action                   |  1- 3 |  4- 6 || total
-------------------------+-------+-------++-------
Melee: Flail             |   147 |    94 ||   241
  Use: Scroll            |       |     8 ||     8
Armor: Scale mail        |    81 |    48 ||   129
Dodge: Dodged            |    55 |    30 ||    85
Block: Shield            |    77 |    39 ||   116
